 Dungeon Crawl Stone Soup version 0.18.1-51-gd549091e01 (webtiles) character file.

1553 magog001 the Slinger (level 8, -6/100 HPs)
             Began as a Minotaur Hunter on July 27, 2020.
             Was an Initiate of Nemelex Xobeh.
             Mangled by an orc warrior
             ... wielding a +0 mace
              (8 damage)
             ... on level 6 of the Dungeon.
             The game lasted 00:39:41 (7754 turns).

magog001 the Slinger (Minotaur Hunter)              Turns: 7754, Time: 00:39:42

Health: -6/100     AC: 24    Str: 19    XL:     8   Next: 57%
Magic:  7/7        EV:  2    Int:  8    God:    Nemelex Xobeh [......]
Gold:   17         SH:  0    Dex: 16    Spells: 0 memorised, 7 levels left

rFire  . . .     SeeInvis .     s - +4 mace
rCold  . . .     Gourm    .     (armour currently unavailable)
rNeg   + + +     Faith    .     (no shield)
rPois  +         Spirit   .     (helmet currently unavailable)
rElec  .         Dismiss  .     (cloak currently unavailable)
rCorr  .         Reflect  .     (gloves currently unavailable)
SustAt .         Harm     .     (boots currently unavailable)
MR     .....     Clarity  +     (no amulet)
Stlth  ++........ NoTele   +    r - +3 ring of dexterity
                                n - +2 ring of dexterity

@: tree-form (expiring), not resistant to hostile enchantments, unstealthy
A: (retaliatory headbutt), (beak), (horns 0), clarity, subdued magic 1
a: Renounce Religion


You were on level 6 of the Dungeon.
You worshipped Nemelex Xobeh.
Nemelex Xobeh was noncommittal.
You were not hungry.
You were a tree.
You visited 2 branches of the dungeon, and saw 7 of its levels.

You collected 287 gold pieces.
You spent 270 gold pieces at shops.

Inventory:

Hand Weapons
 a - a +1 hunting sling
 j - a +0 blowgun
 s - a +4 mace (weapon)
 y - a +2 dire flail
Missiles
 c - 7 tomahawks
 h - 32 poisoned needles
 k - 151 stones (quivered)
 l - 3 throwing nets
Armour
 o - a +2 ring mail (melded)
Jewellery
 n - a +2 ring of dexterity (left branch)
 q - an uncursed ring of poison resistance {unknown}
 r - a +3 ring of dexterity (right branch)
Wands
 t - a wand of random effects (19/48)
Scrolls
 e - 4 scrolls of identify
 i - 2 scrolls of magic mapping
 u - 3 scrolls of recharging
 v - a scroll of teleportation
Potions
 b - a potion of brilliance
 g - a potion of haste
 x - a potion of cancellation {unknown}
 z - a potion of ambrosia
 A - a potion of invisibility {unknown}
Comestibles
 f - 2 bread rations
 p - 4 chunks of flesh


   Skills:
 * Level 4.6 Fighting
 * Level 3.1 Maces & Flails
 * Level 9.8 Slings
 * Level 5.8 Armour
 * Level 3.5 Dodging
 - Level 0.7 Stealth


You had 7 spell levels left.
You didn't know any spells.

Dungeon Overview and Level Annotations

Branches:
Dungeon (6/15)             Temple (1/1) D:6

Altars:
Ashenzari
Cheibriados
Dithmenos
Elyvilon
Gozag
Nemelex Xobeh
Sif Muna
Trog
Vehumet
Zin

Shops:
D:4 ?   D:5 *


Innate Abilities, Weirdness & Mutations

((You reflexively headbutt those who attack you in melee.))
((You have a pair of horns on your head.))
((You have a beak for a mouth.))
You possess an exceptional clarity of mind.
Your spells are a little easier to cast, but a little less powerful.


Message History

You hear a shout! x5
The orc hits you with a morningstar of protection.
* * * LOW HITPOINT WARNING * * *
Something hits you but does no damage.
Evoke which item? (* to show all) (? for menu, Esc to quit)
Zapping:
t - a wand of random effects (22/48)
Press: ? - help, Shift-Dir - straight line Nothing appears to happen.
This wand has 21 charges left.
The orc hits you but does no damage. Something hits you but does no damage.
Evoke which item? (* to show all) (? for menu, Esc to quit)
Zapping:
t - a wand of random effects (21/48)
Press: ? - help, Shift-Dir - straight line Nothing appears to happen.
This wand has 20 charges left.
The orc hits you but does no damage.
Evoke which item? (* to show all) (? for menu, Esc to quit)
Zapping:
t - a wand of random effects (20/48)
Press: ? - help, Shift-Dir - straight line Nothing appears to happen.
This wand has 19 charges left.
Something hits you!
You die...
Your body disappears without a glow.

.......#.......#...##
.......#.......#..<.#
.......#...>...#....#
.#######.......#....#
#.....#.......#....#
#.....####'####....#
+......#.....#.....#
#......#.....#.....#
#.)♣{..#.....#.....#
###o#######..##....#
#.........#..##....#
#..)....)))..#.....#
#.(.....).#..#.....#
...##+#.........#..##...##
......(.........#####...#
.......####.....+ #....
....... #.....#


You could see an orc.

Vanquished Creatures
  The ghost of magog001 the Shield-Bearer, an amateur MiFi (D:4)
  Sigmund (D:2)
  Eustachio (D:4)
  A steam dragon (D:5)
  A centaur (D:5)
  4 wights (D:5)
  A howler monkey (D:5)
  3 hounds
  2 orc priests (D:4)
  2 orc wizards (D:6)
  A centaur skeleton (D:6)
  Jessica (D:3)
  Natasha (thrice) (D:4)
  2 worker ants
  A worker ant zombie (D:5)
  Robin (D:4)
  5 adders
  3 gnolls (D:4)
  4 oozes
  An adder skeleton (D:4)
  2 worms
  5 dart slugs
  7 giant geckos
  10 orcs
  8 bats
  9 giant cockroaches
  12 goblins
  13 hobgoblins
  2 jackals (D:1)
  A quokka (D:2)
  2 giant newts (D:2)
  A jackal skeleton (D:4)
  10 kobolds
  A quokka zombie (D:5)
  7 rats
129 creatures vanquished.

Notes
Turn   | Place    | Note
--------------------------------------------------------------
     0 | D:1      | magog001 the Minotaur Hunter began the quest for the Orb.
     0 | D:1      | Reached XP level 1. HP: 18/18 MP: 0/0
   266 | D:1      | Reached XP level 2. HP: 25/25 MP: 1/1
   434 | D:1      | Reached skill level 5 in Slings
   792 | D:1      | Reached XP level 3. HP: 30/30 MP: 2/2
  1130 | D:2      | Noticed Sigmund
  1143 | D:2      | Killed Sigmund
  1143 | D:2      | Reached skill level 6 in Slings
  1143 | D:2      | Reached XP level 4. HP: 17/38 MP: 3/3
  1143 | D:2      | Reached XP level 5. HP: 20/45 MP: 4/4
  1511 | D:2      | Reached skill level 7 in Slings
  2400 | D:3      | Reached XP level 6. HP: 43/51 MP: 5/5
  2989 | D:3      | Noticed Jessica
  2994 | D:3      | Killed Jessica
  3533 | D:4      | Gained mutation: You possess an exceptional clarity of mind. [potion of mutation]
  3533 | D:4      | Gained mutation: Your spells are a little easier to cast, but a little less powerful. [potion of mutation]
  3533 | D:4      | Gained mutation: You have a beak for a mouth. [potion of mutation]
  3617 | D:4      | Noticed magog001's ghost (amateur MiFi)
  3638 | D:4      | Killed magog001's ghost
  3638 | D:4      | Reached skill level 1 in Maces & Flails
  3638 | D:4      | Reached skill level 8 in Slings
  3638 | D:4      | Reached XP level 7. HP: 21/57 MP: 6/6
  3839 | D:4      | Noticed Robin
  3856 | D:4      | Killed Robin
  4463 | D:4      | Noticed Eustachio
  4490 | D:4      | Killed Eustachio
  4490 | D:4      | Reached skill level 9 in Slings
  4839 | D:4      | Noticed Natasha
  4846 | D:4      | Killed Natasha
  4892 | D:4      | Found Begop's Magic Scroll Shoppe.
  5040 | D:4      | Bought a scroll of identify for 20 gold pieces
  5040 | D:4      | Bought a scroll of identify for 20 gold pieces
  5040 | D:4      | Bought a scroll of identify for 20 gold pieces
  5040 | D:4      | Bought a scroll of magic mapping for 35 gold pieces
  5040 | D:4      | Bought a scroll of remove curse for 30 gold pieces
  5040 | D:4      | Bought a scroll of identify for 20 gold pieces
  5040 | D:4      | Bought a scroll of recharging for 95 gold pieces
  5040 | D:4      | Bought a scroll of teleportation for 30 gold pieces
  5590 | D:4      | Noticed Natasha
  5595 | D:4      | Killed Natasha
  6239 | D:4      | Noticed Natasha
  6245 | D:4      | Killed Natasha
  6245 | D:4      | Reached XP level 8. HP: 61/66 MP: 7/7
  6276 | D:5      | Entered Level 5 of the Dungeon
  6435 | D:5      | Found a shattered altar of Ashenzari.
  6602 | D:5      | Reached skill level 5 in Armour
  6729 | D:5      | Found a glowing silver altar of Zin.
  6767 | D:5      | Found Viosypot's Assorted Antiques.
  7610 | D:6      | Found a staircase to the Ecumenical Temple.
  7623 | Temple   | Entered the Ecumenical Temple
  7633 | Temple   | Became a worshipper of Nemelex Xobeh the Trickster
  7751 | D:6      | HP: 2/100 [orc/morningstar of protection (5)]
  7754 | D:6      | Mangled by an orc warrior

Skill      XL: |  1  2  3  4  5  6  7  8 |
---------------+-------------------------+-----
Slings         | 5 6 7 8 9 |  9.8
Fighting       | 3 4 |  4.6
Armour         | 2 3 4 5 |  5.8
Maces & Flails | 1 2 3 |  3.1
Dodging        | 3 |  3.5
Stealth        | |  0.7

Action                   |  1- 3 |  4- 6 |  7- 9 || total
-------------------------+-------+-------+-------++-------
Melee: Short sword       |     6 |       |       ||     6
       Headbutt          |     2 |     3 |    17 ||    22
       Mace              |       |    16 |    85 ||   101
       Peck              |       |     3 |    12 ||    15
       Dire flail        |       |       |    21 ||    21
 Fire: Hunting sling     |    67 |   112 |    91 ||   270
Evoke: Wand              |       |       |    12 ||    12
  Use: Scroll            |     1 |     5 |     8 ||    14
       Potion            |       |     7 |     3 ||    10
  Eat: Chunk             |       |     7 |     5 ||    12
       Bread ration      |       |     1 |     1 ||     2
       Beef jerky        |       |       |     1 ||     1
Armor: Leather armour    |     7 |     1 |       ||     8
       Chain mail        |       |    27 |    14 ||    41
       Skin              |       |       |    51 ||    51
       Ring mail         |       |       |    21 ||    21
Dodge: Dodged            |    17 |    16 |    82 ||   115
